[Event "M11"]
[Site "?"]
[Date "2024.07.21"]
[Round "1"]
[White "Melerowicz, Thomas"]
[Black "Zwick, Hubert"]
[Result "1/2-1/2"]
[ECO "D04"]
[WhiteElo "2017"]
[BlackElo "2018"]
[Annotator ",martin-koller@seznam"]
[PlyCount "46"]
[TimeControl "240+2"]

{600MB, Fritz10.ctg} 1. d4 d5 2. Nf3 Nf6 3. e3 a6 4. Bd3 Bg4
5. Nbd2 Nbd7 6. c4 e6 7. O-O c5 8. b3 Be7 9. Bb2 O-O 10. Rc1 cxd4 11. exd4 dxc4
12. bxc4 Qa5 13. Qb3 Rfd8 14. Rfe1 Bb4 15. Bc3 Bxc3 16. Qxc3 Qc7 17. h3 Bh5 18.
Ne5 Rac8 19. Ndf3 Nxe5 20. Nxe5 Qd6 21. g4 Bg6 22. Bxg6 hxg6 23. Qf3 Rf8
1/2-1/2

[Event "M11"]
[Site "?"]
[Date "2024.07.21"]
[Round "1"]
[White "Hansch, Stephan"]
[Black "Giertii, Vladimir"]
[Result "1/2-1/2"]
[ECO "E94"]
[WhiteElo "2150"]
[BlackElo "1959"]
[Annotator ",martin-koller@seznam"]
[PlyCount "99"]
[TimeControl "240+2"]

{600MB, Fritz10.ctg} 1. d4 Nf6 2. c4 g6 3. Nc3 d6 4. e4 Bg7 5. Nf3 O-O 6. Be2
e5 7. Be3 Nbd7 8. O-O Re8 9. Qc2 c6 10. Rad1 Qc7 11. b4 a5 12. b5 Ng4 13. Bc1
exd4 14. Nxd4 Nc5 15. h3 Nf6 16. Bf3 Be6 17. Nxe6 Rxe6 18. Bf4 Rae8 19. Rfe1
Nfd7 20. bxc6 bxc6 21. Na4 f5 22. Nxc5 Nxc5 23. Qd2 Nxe4 24. Bxe4 Rxe4 25. Rxe4
Rxe4 26. Bxd6 Qd8 27. c5 a4 28. Rb1 Re8 29. Qc2 Qa8 30. Qc4+ Kh8 31. Qf7 Rg8
32. Rb7 Qe8 33. Qxe8 Rxe8 34. Rc7 Re1+ 35. Kh2 Bd4 36. Kg3 Re2 37. Rxc6 Bxf2+
38. Kf3 Rxa2 39. Rc8+ Kg7 40. c6 Rc2 41. c7 Bb6 42. Be5+ Kh6 43. h4 a3 44. Bf4+
Kg7 45. Re8 Bd4 46. c8=Q Rxc8 47. Rxc8 a2 48. Ra8 a1=Q 49. Rxa1 Bxa1 50. g4
1/2-1/2

[Event "M11"]
[Site "?"]
[Date "2024.07.21"]
[Round "1"]
[White "Verner, Matej"]
[Black "Aubrecht, Petr"]
[Result "1-0"]
[ECO "B21"]
[WhiteElo "2067"]
[BlackElo "1984"]
[Annotator ",martin-koller@seznam"]
[PlyCount "77"]
[TimeControl "240+2"]

{600MB, Fritz10.ctg} 1. e4 c5 2. Nf3 Nc6 3. d4 cxd4 4. c3 dxc3 5. Nxc3 e6 6.
Bc4 Qc7 7. O-O Nf6 8. Nb5 Qb8 9. e5 Nxe5 10. Nxe5 Qxe5 11. Re1 Qc5 12. Bf1 a6
13. Be3 Qc6 14. Na7 Qd6 15. Rc1 Qxd1 16. Rexd1 Nd5 17. Nxc8 Nxe3 18. fxe3 Bb4
19. Nb6 Rd8 20. a3 Ba5 21. Nc4 Bc7 22. Nd6+ Bxd6 23. Rxd6 Ke7 24. Rb6 Rc8 25.
Rxc8 Rxc8 26. Rxb7 Rc6 27. Ra7 Rc2 28. b4 Rc3 29. Rxa6 Rxe3 30. b5 Rb3 31. b6
Kd6 32. a4 Kc6 33. a5 e5 34. Ra7 e4 35. Rc7+ Kd6 36. a6 e3 37. a7 Rb1 38. a8=Q
e2 39. Qa3+ 1-0

[Event "M11"]
[Site "?"]
[Date "2024.07.21"]
[Round "1"]
[White "Tesa , Jakub"]
[Black "Svoboda, Daniel"]
[Result "1-0"]
[ECO "A52"]
[WhiteElo "2064"]
[BlackElo "1920"]
[Annotator ",martin-koller@seznam"]
[PlyCount "42"]
[TimeControl "240+2"]

{600MB, Fritz10.ctg} 1. d4 Nf6 2. c4 e5 3. dxe5 Ng4 4. e4 Nxe5 5. f4 Nec6 6.
Be3 Bb4+ 7. Nc3 O-O 8. g3 Bxc3+ 9. bxc3 Re8 10. Bg2 d6 11. Rb1 f5 12. Kf2 fxe4
13. Qd5+ Be6 14. Qb5 Nd7 15. Bxe4 Nc5 16. Bxc5 dxc5 17. Nf3 Qf6 18. Qxb7 Na5
19. Qxc7 Qxc3 20. Rhc1 Qa3 21. Bxa8 Rxa8 1-0

[Event "M11"]
[Site "?"]
[Date "2024.07.21"]
[Round "1"]
[White "Hanl, Frantisek"]
[Black "Nilsson, Patrik"]
[Result "1-0"]
[ECO "C00"]
[WhiteElo "2098"]
[BlackElo "2095"]
[Annotator ",martin-koller@seznam"]
[PlyCount "101"]
[TimeControl "240+2"]

{600MB, Fritz10.ctg} 1. e4 e6 2. Nf3 d5 3. e5 Bd7 4. g3 c5 5. Bg2 Nc6 6. O-O f6
7. exf6 Nxf6 8. Re1 Bd6 9. Ng5 O-O 10. Rxe6 Bxe6 11. Nxe6 Qd7 12. Nxf8 Rxf8 13.
Nc3 Qf5 14. d3 d4 15. Be4 Qe6 16. Bxc6 bxc6 17. Qe2 Qxe2 18. Nxe2 Ng4 19. Bf4
Bxf4 20. Nxf4 g5 21. Nh3 Re8 22. Kg2 h6 23. Ng1 Kg7 24. h3 Nf6 25. Kf1 Nd5 26.
a3 Rf8 27. Re1 g4 28. Re6 Ne3+ 29. Ke2 Nxc2 30. hxg4 Rb8 31. Rxc6 Rxb2 32. Rxc5
Nb4+ 33. Kf3 Nxd3 34. Rc7+ Kf6 35. Rxa7 Rxf2+ 36. Ke4 Nc5+ 37. Kxd4 Ne6+ 38.
Ke3 Ra2 39. Nf3 Nc5 40. Nd4 Ke5 41. Ra5 Kd6 42. Nf5+ Kd5 43. Nxh6 Rb2 44. g5
Rb3+ 45. Kf4 Kc4 46. Kf5 Ne6 47. g6 Ng7+ 48. Kg5 Ne6+ 49. Kf6 Nf8 50. Kf7 Nxg6
51. Nf5 neèitelné 1-0

[Event "K12""]
[Site "?"]
[Date "2024.07.21"]
[Round "1"]
[White "Vlasak, Miloslav"]
[Black "Tichy, Petr"]
[Result "0-1"]
[ECO "A11"]
[WhiteElo "1943"]
[BlackElo "1922"]
[Annotator ",martin-koller@seznam"]
[PlyCount "78"]
[TimeControl "240+2"]

{600MB, Fritz10.ctg} 1. c4 c6 2. d3 d5 3. cxd5 cxd5 4. g3 e5 5. Bg2 Nc6 6. Nf3
g6 7. O-O Bg7 8. Nc3 Nge7 9. Qb3 O-O 10. Ng5 h6 11. Nf3 Rb8 12. a3 Be6 13. Qc2
Rc8 14. Qd1 Qd7 15. e4 d4 16. Na4 Na5 17. Nd2 b5 18. b4 bxa4 19. bxa5 Qb5 20.
Rb1 Qxd3 21. Re1 Bb3 22. Nxb3 Qxb1 23. Nd2 Qb5 24. Bf1 d3 25. Nf3 Rfd8 26. Bd2
Nc6 27. Qa1 Nxa5 28. Rd1 Nb3 29. Qb1 Qc4 30. Be3 Qc2 31. Bxd3 Qxb1 32. Rxb1
Rxd3 33. Kg2 Bf8 34. Nxe5 Rxe3 35. fxe3 Bxa3 36. Rf1 Rc7 37. Rf2 Bc1 38. Ra2 a3
39. Nd3 Bb2 0-1

[Event "K12"]
[Site "?"]
[Date "2024.07.21"]
[Round "1"]
[White "Cisarik, Pavol"]
[Black "Schoenmakers, Nico"]
[Result "0-1"]
[ECO "B98"]
[WhiteElo "1789"]
[BlackElo "1879"]
[Annotator ",martin-koller@seznam"]
[PlyCount "64"]
[TimeControl "240+2"]

{600MB, Fritz10.ctg} 1. e4 c5 2. Nf3 d6 3. d4 cxd4 4. Nxd4 Nf6 5. Nc3 a6 6. Bg5
e6 7. f4 Be7 8. Qf3 O-O 9. O-O-O Qc7 10. Bd3 Re8 11. Rhe1 Nc6 12. Nxc6 bxc6 13.
e5 Nd5 14. Nxd5 cxd5 15. Bxe7 Qxe7 16. exd6 Qxd6 17. Re5 Rb8 18. Bxh7+ Kxh7 19.
Rdxd5 Qb6 20. Qc3 exd5 21. Rxe8 Be6 22. Rxb8 Qxb8 23. g3 g6 24. b3 Qb6 25. Kb2
d4 26. Qf3 Qc5 27. g4 Kg7 28. g5 Bf5 29. Qe2 Qc3+ 30. Kb1 d3 31. Qe5+ Qxe5 32.
fxe5 d2 0-1

[Event "K12"]
[Site "?"]
[Date "2024.07.21"]
[Round "1"]
[White "Pokorny, Jan"]
[Black "Hager, Eberhard"]
[Result "1-0"]
[ECO "D02"]
[WhiteElo "1840"]
[BlackElo "1834"]
[Annotator ",martin-koller@seznam"]
[PlyCount "96"]
[TimeControl "240+2"]

{600MB, Fritz10.ctg} 1. d4 Nf6 2. Nf3 e6 3. Nbd2 d5 4. e3 Nbd7 5. b3 Bb4 6. Bb2
Ne4 7. Bd3 Ndf6 8. O-O Nxd2 9. Nxd2 O-O 10. a3 Bd6 11. c4 b6 12. b4 c5 13. dxc5
bxc5 14. bxc5 Bxc5 15. cxd5 exd5 16. Bxf6 Qxf6 17. Qc2 Bd6 18. Bxh7+ Kh8 19.
Bd3 Qh6 20. g3 Be6 21. Bf5 Rac8 22. Qd3 Rc7 23. Bxe6 fxe6 24. Nf3 Rfc8 25. Qa6
Bc5 26. Qd3 Bb6 27. Ne5 Qf6 28. Ng4 Qg5 29. Qe2 Rc2 30. Qf3 R2c4 31. h3 Kg8 32.
Kg2 Rf8 33. Qe2 Rfc8 34. a4 Rc2 35. Qe1 Bd8 36. Nh2 Bf6 37. Rb1 Bc3 38. Qd1 Ba5
39. Kg1 Qe7 40. Qd3 R2c4 41. Ng4 Rxa4 42. Qa6 Rd8 43. Rb7 Qe8 44. Rxa7 d4 45.
exd4 Rdxd4 46. Qb7 Qg6 47. Ra8+ Kh7 48. Qe7 Qh5 1-0

[Event "K12"]
[Site "?"]
[Date "2024.07.21"]
[Round "1"]
[White "Wust, Klaus"]
[Black "Niese, Dieter"]
[Result "1-0"]
[ECO "C11"]
[WhiteElo "1959"]
[BlackElo "1933"]
[Annotator ",martin-koller@seznam"]
[PlyCount "91"]
[TimeControl "240+2"]

{600MB, Fritz10.ctg} 1. e4 e6 2. d4 d5 3. Nc3 Nf6 4. e5 Nfd7 5. f4 c5 6. Nf3
Nc6 7. Be3 a6 8. Qd2 cxd4 9. Nxd4 Bc5 10. O-O-O Nxd4 11. Bxd4 b5 12. Bxc5 Nxc5
13. f5 Qc7 14. Qf4 Bb7 15. Bxb5+ Bc6 16. Bxc6+ Qxc6 17. Qg4 g6 18. fxe6 fxe6
19. Rhf1 Rf8 20. Rxf8+ Kxf8 21. Rf1+ Kg8 22. Rf6 Rf8 23. Rxf8+ Kxf8 24. Qh4 Qc7
25. Qf4+ Qf7 26. Ne2 Nd7 27. g3 Qxf4+ 28. gxf4 g5 29. Kd2 gxf4 30. Nxf4 Kf7 31.
Nd3 Kg6 32. Ke3 Kf5 33. Kd4 Kg4 34. Nc5 Nf8 35. Nxa6 Kh3 36. b4 Nd7 37. Nc5 Nb6
38. a4 Kxh2 39. a5 Nc8 40. b5 h5 41. b6 Ne7 42. Nxe6 Nc6+ 43. Kxd5 Nxa5 44. Nf4
h4 45. e6 Kg3 46. e7 1-0

[Event "K11"]
[Site "?"]
[Date "2024.07.21"]
[Round "1"]
[White "Thalheim, Peter"]
[Black "Marsalek, Lubos"]
[Result "1/2-1/2"]
[ECO "A25"]
[WhiteElo "1866"]
[BlackElo "1914"]
[Annotator ",martin-koller@seznam"]
[PlyCount "55"]
[TimeControl "240+2"]

{600MB, Fritz10.ctg} 1. c4 e5 2. Nc3 Nc6 3. g3 d6 4. Bg2 Be6 5. b3 Qd7 6. e3
Bg4 7. f3 Bf5 8. e4 Be6 9. Nge2 h5 10. d4 Bh3 11. Kf2 Bxg2 12. Kxg2 h4 13. g4
h3+ 14. Kf2 exd4 15. Nxd4 Nf6 16. Nd5 Nxd5 17. exd5 Ne5 18. Rg1 O-O-O 19. f4
Ng6 20. Nf3 Be7 21. f5 Ne5 22. Bb2 Bf6 23. Bxe5 Bxe5 24. Nxe5 dxe5 25. Qe2 Qd6
26. Rae1 e4 27. Rg3 Rde8 28. Qe3 1/2-1/2

[Event "K11"]
[Site "?"]
[Date "2024.07.21"]
[Round "1"]
[White "Pranner, Marion"]
[Black "Rull, Michael"]
[Result "0-1"]
[ECO "B32"]
[WhiteElo "2055"]
[BlackElo "1842"]
[Annotator ",martin-koller@seznam"]
[PlyCount "56"]
[TimeControl "240+2"]

{600MB, Fritz10.ctg} 1. e4 c5 2. Nf3 Nc6 3. d4 cxd4 4. Nxd4 e5 5. Nb3 Be7 6.
Nc3 h6 7. Bd3 Nf6 8. O-O d5 9. exd5 Nxd5 10. Nxd5 Qxd5 11. Qe2 Be6 12. Rd1
O-O-O 13. Be3 e4 14. Bb5 Qe5 15. Bxc6 Bd6 16. Bxb7+ Kxb7 17. Nc5+ Ka8 18. Rxd6
Rxd6 19. Nb3 Qxb2 20. Bc1 Qc3 21. Rb1 Rhd8 22. h3 Rd1+ 23. Kh2 Qc7+ 24. g3 g5
25. Nd2 Qxc2 26. Qxe4+ Bd5 27. f3 Bxe4 28. fxe4 Rc8 0-1

[Event "K11"]
[Site "?"]
[Date "2024.07.21"]
[Round "1"]
[White "Lampe, Thomas"]
[Black "Docekalova, Alexandra"]
[Result "1-0"]
[ECO "C00"]
[WhiteElo "1926"]
[BlackElo "1979"]
[Annotator ",martin-koller@seznam"]
[PlyCount "83"]
[TimeControl "240+2"]

{600MB, Fritz10.ctg} 1. e4 e6 2. Nf3 d5 3. e5 c5 4. b4 b6 5. bxc5 bxc5 6. Bb5+
Bd7 7. Qe2 Ne7 8. O-O Ng6 9. Re1 Be7 10. a4 a6 11. Bxd7+ Qxd7 12. d3 O-O 13.
Nbd2 Nc6 14. Nb3 Rfc8 15. Ba3 Nd8 16. c4 dxc4 17. dxc4 Qxa4 18. Nbd2 Qc2 19. g3
Nc6 20. Qe3 Nd4 21. Rac1 Qf5 22. Kg2 Nc2 23. Rxc2 Qxc2 24. h4 Rd8 25. h5 Nf8
26. Bc1 Qd3 27. Qf4 Qf5 28. Qe3 a5 29. h6 a4 30. hxg7 Kxg7 31. Ne4 Qg6 32. Nxc5
a3 33. Ne4 a2 34. Bb2 Rdb8 35. Qd4 Ra4 36. Nf6 Rd8 37. Qh4 Rb8 38. Re4 Bxf6 39.
exf6+ Kg8 40. Rg4 Kh8 41. Ne5 Ra7 42. Qh6 1-0

[Event "K11"]
[Site "?"]
[Date "2024.07.21"]
[Round "1"]
[White "Feirfeil, Jiri"]
[Black "Korenek, Frantisek"]
[Result "0-1"]
[ECO "D04"]
[WhiteElo "1738"]
[BlackElo "1886"]
[Annotator ",martin-koller@seznam"]
[PlyCount "118"]
[TimeControl "240+2"]

{600MB, Fritz10.ctg} 1. d4 d5 2. Nf3 Nf6 3. e3 Bf5 4. Be2 Nbd7 5. c3 e6 6. Nbd2
c6 7. Nh4 Bg6 8. Nxg6 hxg6 9. Nf3 Bd6 10. Bd2 Ne4 11. Qc2 g5 12. Bd3 g4 13.
Bxe4 dxe4 14. Ng1 Nf6 15. Ne2 a5 16. a4 Qc7 17. g3 Rh5 18. c4 Bb4 19. Bc3 O-O-O
20. Bxb4 axb4 21. a5 Rxa5 22. O-O Qb6 23. Qb3 Qa6 24. Rxa5 Qxa5 25. c5 Qb5 26.
Qd1 Kc7 27. Nc1 Ra8 28. Qc2 Qa6 29. Rd1 Qb5 30. Kg2 Qa4 31. Qxa4 Rxa4 32. Nb3
Ra2 33. Rb1 Nd5 34. h3 gxh3+ 35. Kxh3 Kd7 36. g4 g5 37. Kg3 Ke7 38. Nd2 f5 39.
Nc4 Ra8 40. gxf5 exf5 41. Nd6 f4+ 42. exf4 gxf4+ 43. Kg4 e3 44. fxe3 fxe3 45.
Re1 Rf8 46. Nf5+ Ke6 47. Nxe3 Nxe3+ 48. Rxe3+ Kd5 49. Re7 Kxd4 50. Rxb7 Kxc5
51. b3 Rd8 52. Rf7 Rd3 53. Rf5+ Kb6 54. Rf3 Rxf3 55. Kxf3 Kb5 56. Ke3 Kc5 57.
Ke4 Kd6 58. Kd4 c5+ 59. Ke4 Ke6 0-1

[Event "K11"]
[Site "?"]
[Date "2024.07.21"]
[Round "1"]
[White "Thomasson, Staffan"]
[Black "Schimmer, Michael"]
[Result "1/2-1/2"]
[ECO "D59"]
[WhiteElo "1871"]
[BlackElo "1861"]
[Annotator ",martin-koller@seznam"]
[PlyCount "120"]
[TimeControl "240+2"]

{600MB, Fritz10.ctg} 1. d4 Nf6 2. Bg5 e6 3. Nf3 d5 4. e3 Be7 5. c4 h6 6. Bh4
O-O 7. Nc3 b6 8. cxd5 Nxd5 9. Bxe7 Qxe7 10. Rc1 Bb7 11. Be2 Rc8 12. O-O Nd7 13.
a3 N7f6 14. Ne5 Nxc3 15. Rxc3 c5 16. dxc5 Rxc5 17. Rxc5 Qxc5 18. Nd7 Nxd7 19.
Qxd7 Bd5 20. Ba6 Bc6 21. Qd2 Qg5 22. f4 Qf6 23. Rd1 Bd5 24. Qd4 Qg6 25. g3 Qc2
26. Rd2 Qc1+ 27. Rd1 Qc2 28. Bf1 Rc8 29. Rd2 Qc1 30. Rd1 Qc2 31. Rd2 Qb1 32.
Rd1 Rc1 33. Rxc1 Qxc1 34. e4 Bc6 35. e5 Bb5 36. Qf2 Bxf1 37. Qxf1 Qxb2 38. Qa6
Qc1+ 39. Kg2 Qc7 40. Kh3 Kf8 41. Qb5 Qb7 42. Qd3 Qe7 43. Qa6 Qd7 44. a4 Ke8 45.
Qc4 Kd8 46. Qa6 Qc7 47. Qd3+ Qd7 48. Qa6 Ke7 49. Qc4 Qb7 50. Qb4+ Ke8 51. Qb5+
Kf8 52. Qb4+ Kg8 53. Kg4 a6 54. h4 b5 55. a5 Qc7 56. h5 Qd7 57. Qe4 Qc8 58. Qd4
Kf8 59. Qd6+ Ke8 60. Qb6 f5+ 1/2-1/2

[Event "K12"]
[Site "?"]
[Date "2024.07.21"]
[Round "1"]
[White "Schunke, Oliver"]
[Black "Von Borstei, Michael"]
[Result "1/2-1/2"]
[ECO "A00"]
[WhiteElo "1878"]
[BlackElo "1862"]
[Annotator ",martin-koller@seznam"]
[PlyCount "41"]
[TimeControl "240+2"]

{600MB, Fritz10.ctg} 1. Nc3 d5 2. e4 d4 3. Nce2 e5 4. Ng3 Nc6 5. Bc4 g6 6. d3
Bb4+ 7. Bd2 Bxd2+ 8. Qxd2 Qe7 9. N1e2 Bd7 10. Bb5 Qb4 11. Qxb4 Nxb4 12. Bxd7+
Kxd7 13. Kd2 c5 14. Rhf1 Nh6 15. h3 Rhf8 16. f4 f6 17. fxe5 fxe5 18. a3 Nc6 19.
Ng1 Ng8 20. Nf3 h6 21. Rf2 neèitelné 1/2-1/2

[Event "M11"]
[Site "?"]
[Date "2024.07.21"]
[Round "2"]
[White "Giertli, Vladimir"]
[Black "Aubrecht, Petr"]
[Result "0-1"]
[ECO "A01"]
[WhiteElo "1959"]
[BlackElo "1984"]
[Annotator ",martin-koller@seznam"]
[PlyCount "46"]
[TimeControl "240+2"]

{600MB, Fritz10.ctg} 1. b3 e5 2. Bb2 Nc6 3. e3 d6 4. Bb5 Bd7 5. Ne2 a6 6. Bxc6
Bxc6 7. Rg1 Qd7 8. d4 exd4 9. Qxd4 Nf6 10. Nbc3 O-O-O 11. Qa7 Qg4 12. O-O-O Be7
13. Nd4 Kd7 14. h3 Qg5 15. f4 Qa5 16. Nxc6 bxc6 17. Na4 d5 18. c4 Ne4 19. cxd5
c5 20. Bxg7 Rhg8 21. Be5 f6 22. Bb2 Qb5 23. d6 Bxd6 0-1

[Event "M11"]
[Site "?"]
[Date "2024.07.21"]
[Round "2"]
[White "Hansch, Stephan"]
[Black "Tesar, Jakub"]
[Result "1-0"]
[ECO "D27"]
[WhiteElo "2150"]
[BlackElo "2064"]
[Annotator ",martin-koller@seznam"]
[PlyCount "47"]
[TimeControl "240+2"]

{600MB, Fritz10.ctg} 1. d4 Nf6 2. c4 e6 3. Nf3 d5 4. Nc3 dxc4 5. e3 a6 6. a4 c5
7. Bxc4 Nc6 8. O-O b6 9. Qe2 Bb7 10. Rd1 Qc7 11. dxc5 Bxc5 12. h3 Ne5 13. Nxe5
Qxe5 14. Rb1 Bd6 15. f4 Qc5 16. b4 Qc7 17. Bd2 Ne4 18. Nxe4 Bxe4 19. Rbc1 Qb7
20. Bc3 Be7 21. Be5 O-O 22. Bxe6 Bxg2 23. Rd7 Qe4 24. Qxg2 1-0

[Event "M11"]
[Site "?"]
[Date "2024.07.21"]
[Round "2"]
[White "Svoboda, Daniel"]
[Black "Hanl, Frantisek"]
[Result "0-1"]
[ECO "B13"]
[WhiteElo "1920"]
[BlackElo "2098"]
[Annotator ",martin-koller@seznam"]
[PlyCount "44"]
[TimeControl "240+2"]

{600MB, Fritz10.ctg} 1. e4 c6 2. d4 d5 3. exd5 cxd5 4. Bd3 Nc6 5. c3 Nf6 6. h3
g6 7. Nf3 Bg7 8. Bf4 O-O 9. O-O Bf5 10. Be2 Rc8 11. Nbd2 Ne4 12. g4 Nxd2 13.
Qxd2 Bd7 14. Rfe1 Na5 15. b3 b5 16. Ne5 f6 17. Nxd7 Qxd7 18. c4 Nc6 19. cxb5
Nxd4 20. Rad1 e5 21. Bg3 f5 22. gxf5 gxf5 0-1

[Event "M11"]
[Site "?"]
[Date "2024.07.21"]
[Round "2"]
[White "Zwick, Hubert"]
[Black "Werner, Matej"]
[Result "0-1"]
[ECO "D02"]
[WhiteElo "2018"]
[BlackElo "2067"]
[Annotator ",martin-koller@seznam"]
[PlyCount "60"]
[TimeControl "240+2"]

{600MB, Fritz10.ctg} 1. d4 d5 2. Nf3 Nf6 3. g3 c5 4. Bg2 cxd4 5. Nxd4 h6 6. O-O
e5 7. Nf3 Nc6 8. c4 d4 9. a3 a5 10. Qc2 Be7 11. Rd1 Bg4 12. Nc3 O-O 13. Nd5 Be6
14. e4 Nd7 15. Ne1 Nc5 16. Nd3 f5 17. Qe2 Nxe4 18. Bxe4 fxe4 19. Qxe4 Bf5 20.
Nxe7+ Qxe7 21. Qd5+ Be6 22. Qb5 Qf7 23. b3 a4 24. Rd2 axb3 25. Nxe5 Nxe5 26.
Qxe5 d3 27. Bb2 Bxc4 28. a4 Rae8 29. Qd4 Re2 30. Rad1 Qxf2+ 0-1

[Event "M11"]
[Site "?"]
[Date "2024.07.21"]
[Round "2"]
[White "Nilsson, Patrik"]
[Black "Melerowicz, Thomas"]
[Result "0-1"]
[ECO "A41"]
[WhiteElo "2095"]
[BlackElo "2017"]
[Annotator ",martin-koller@seznam"]
[PlyCount "90"]
[TimeControl "240+2"]

{600MB, Fritz10.ctg} 1. d4 Nc6 2. Nf3 d6 3. Bf4 g6 4. d5 Nb8 5. e4 Bg7 6. Nc3
Nf6 7. Qd2 c6 8. Bh6 Bxh6 9. Qxh6 Qb6 10. Qd2 Bg4 11. Be2 Nbd7 12. O-O Qb4 13.
Rfe1 Bxf3 14. Bxf3 Ne5 15. Be2 O-O 16. a3 Qb6 17. h3 Kg7 18. Bf1 Rac8 19. Na4
Qc7 20. f4 Ned7 21. c4 cxd5 22. exd5 Nc5 23. Nxc5 Qxc5+ 24. Kh2 Rfe8 25. b4 Qc7
26. Rac1 b6 27. Qd4 Kg8 28. Re3 Qb7 29. Rd1 Rc7 30. g4 Rec8 31. Be2 b5 32. cxb5
Rc2 33. Kg3 R8c7 34. a4 Ra2 35. a5 Rcc2 36. Bf1 h5 37. g5 Ne8 38. b6 Ng7 39.
Bd3 Rg2+ 40. Kh4 Ra3 41. Be4 Qd7 42. Qxg7+ Kxg7 43. Bxg2 Rxe3 44. Rc1 Qf5 45.
Rc4 Qb1 0-1

[Event "K11"]
[Site "?"]
[Date "2024.07.21"]
[Round "2"]
[White "Marsalek, Lubos"]
[Black "Lampe, Thomas"]
[Result "1/2-1/2"]
[ECO "E60"]
[WhiteElo "1914"]
[BlackElo "1929"]
[Annotator ",martin-koller@seznam"]
[PlyCount "40"]
[TimeControl "240+2"]

{600MB, Fritz10.ctg} 1. c4 Nf6 2. Nf3 c5 3. g3 Nc6 4. Bg2 g6 5. b3 Bg7 6. Bb2
O-O 7. O-O d6 8. d4 cxd4 9. Nxd4 Qb6 10. Nxc6 bxc6 11. Bd4 Qc7 12. Nc3 Bb7 13.
Rc1 e5 14. Be3 Ng4 15. Bd2 f5 16. h3 Nf6 17. e4 Rad8 18. Qc2 Bc8 19. Bg5 h6 20.
Bxf6 Rxf6 1/2-1/2

[Event "K12"]
[Site "?"]
[Date "2024.07.21"]
[Round "2"]
[White "Niese, Dieter"]
[Black "Pokorny, Jan"]
[Result "1/2-1/2"]
[ECO "B59"]
[WhiteElo "1933"]
[BlackElo "1840"]
[Annotator ",martin-koller@seznam"]
[PlyCount "46"]
[TimeControl "240+2"]

{600MB, Fritz10.ctg} 1. e4 c5 2. Nf3 d6 3. d4 cxd4 4. Nxd4 e5 5. Nb3 Nf6 6. Nc3
h6 7. Be2 Be7 8. Be3 Nc6 9. f3 O-O 10. Qd2 Be6 11. O-O-O Bxb3 12. cxb3 Rc8 13.
Kb1 a6 14. g4 b5 15. g5 hxg5 16. Bxg5 Nd4 17. Rdg1 b4 18. Bh6 g6 19. Bc4 Rxc4
20. bxc4 bxc3 21. Qxc3 Ne2 22. Qe3 Nxg1 23. Bxf8 Bxf8 1/2-1/2

[Event "K12"]
[Site "?"]
[Date "2024.07.21"]
[Round "2"]
[White "Cisarik, Pavol"]
[Black "Schunke, Oliver"]
[Result "1-0"]
[ECO "C47"]
[WhiteElo "1789"]
[BlackElo "1878"]
[Annotator ",martin-koller@seznam"]
[PlyCount "49"]
[TimeControl "240+2"]

{600MB, Fritz10.ctg} 1. e4 e5 2. Nf3 Nf6 3. Nc3 Nc6 4. d4 exd4 5. Nxd4 Bb4 6.
Nxc6 bxc6 7. Bd3 d5 8. exd5 O-O 9. dxc6 Re8+ 10. Be3 Bxc3+ 11. bxc3 Ng4 12. O-O
Qd6 13. g3 Qxc6 14. Bd4 Bb7 15. f3 Rad8 16. Rb1 Re7 17. Rxb7 Nxh2 18. Rb5 Nxf1
19. Qxf1 Rde8 20. Be4 Qd6 21. Qh3 g6 22. Rd5 Qa6 23. Qh6 f5 24. Rxf5 Qe2 25.
Bd5+ 1-0

[Event "K11"]
[Site "?"]
[Date "2024.07.21"]
[Round "2"]
[White "Schimmer, Michael"]
[Black "Docekalova, Alexandra"]
[Result "0-1"]
[ECO "B00"]
[WhiteElo "1861"]
[BlackElo "1979"]
[Annotator ",martin-koller@seznam"]
[PlyCount "72"]
[TimeControl "240+2"]

{600MB, Fritz10.ctg} 1. e4 b6 2. d4 Bb7 3. Nc3 e6 4. Bd3 Nf6 5. Qe2 d5 6. e5
Nfd7 7. Nd1 c5 8. c3 Nc6 9. Nf3 Be7 10. Be3 cxd4 11. cxd4 Nb4 12. Bb1 Ba6 13.
Qd2 Rc8 14. a3 Nc6 15. b4 Bc4 16. Nb2 b5 17. Nxc4 bxc4 18. O-O Rb8 19. Bc2 a5
20. Ba4 Qc7 21. Bxc6 Qxc6 22. bxa5 O-O 23. Qc2 Bd8 24. Bd2 Ra8 25. a4 Bxa5 26.
Ng5 f5 27. exf6 Nxf6 28. Rfe1 Rfe8 29. h4 h6 30. Bxa5 Rxa5 31. Nf3 Ne4 32. Ne5
Qb6 33. Qd1 Nf6 34. g4 Re7 35. g5 Ne4 36. Rc1 Rc7 neèitelné 0-1

[Event "K12"]
[Site "?"]
[Date "2024.07.21"]
[Round "2"]
[White "Schoenmakers, Nico"]
[Black "Tichy, Petr"]
[Result "0-1"]
[ECO "B86"]
[WhiteElo "1879"]
[BlackElo "1922"]
[Annotator ",martin-koller@seznam"]
[PlyCount "114"]
[TimeControl "240+2"]

{600MB, Fritz10.ctg} 1. e4 c5 2. Nf3 d6 3. d4 cxd4 4. Nxd4 Nf6 5. Nc3 a6 6. Be3
e6 7. Bc4 b5 8. Bd3 Bb7 9. f3 Nbd7 10. Qd2 Qc7 11. Rc1 Ne5 12. O-O Nc4 13. Bxc4
Qxc4 14. Nb3 Qc7 15. Rfd1 d5 16. exd5 Nxd5 17. Nxd5 Bxd5 18. Qf2 Bd6 19. g3 Rc8
20. Bb6 Qc6 21. f4 O-O 22. Be3 Rfe8 23. Nd4 Qb7 24. Nb3 Qe7 25. a3 Qf6 26. Bd4
Qf5 27. Re1 Ba8 28. Kf1 Qd5 29. Re2 Rc4 30. Rd2 Rec8 31. Be3 Qe4 32. Rxd6 Qh1+
33. Ke2 Rxc2+ 34. Rxc2 Rxc2+ 35. Nd2 h6 36. Rd8+ Kh7 37. Rxa8 Qxa8 38. Qf3 Qc8
39. Qe4+ g6 40. Kf2 Rxb2 41. Qd4 Ra2 42. Qb4 Qc1 43. Qf8 Rxd2+ 44. Bxd2 Qxd2+
45. Kg1 Qe1+ 46. Kg2 Qe4+ 47. Kg1 Qd4+ 48. Kg2 Qa7 49. h4 Qb7+ 50. Kh2 a5 51.
Qc5 b4 52. axb4 axb4 53. h5 b3 54. Qc1 b2 55. hxg6+ Kxg6 56. Qc2+ Kg7 57. Qc3+
f6 0-1

[Event "K11"]
[Site "?"]
[Date "2024.07.21"]
[Round "2"]
[White "Rull, Michael"]
[Black "Thalheim, Peter"]
[Result "1-0"]
[ECO "D00"]
[WhiteElo "1842"]
[BlackElo "1866"]
[Annotator ",martin-koller@seznam"]
[PlyCount "113"]
[TimeControl "240+2"]

{600MB, Fritz10.ctg} 1. d4 Nf6 2. Nc3 d5 3. Bf4 a6 4. e3 e6 5. Bd3 c5 6. dxc5
Bxc5 7. Nf3 Bd6 8. Bg3 Nc6 9. e4 dxe4 10. Nxe4 Nxe4 11. Bxe4 Bxg3 12. hxg3
Qxd1+ 13. Rxd1 f5 14. Bxc6+ bxc6 15. Ne5 c5 16. Ng6 Rg8 17. Rxh7 Bb7 18. Ne5
Rd8 19. Rh4 Rxd1+ 20. Kxd1 Ke7 21. Ke2 Rc8 22. Ra4 Bc6 23. Nxc6+ Rxc6 24. Rc4
Kd6 25. Kd3 g5 26. a3 Rb6 27. b4 Rb5 28. Rxc5 Rxc5 29. bxc5+ Kxc5 30. Kc3 e5
31. f4 gxf4 32. gxf4 e4 33. a4 a5 34. Kd2 Kd4 35. g3 Kc4 36. Ke3 Kd5 37. c3 Ke6
38. Kd4 Kd6 39. g4 fxg4 40. Kxe4 Ke6 41. c4 Kd6 42. f5 g3 43. Kf3 Ke5 44. Kxg3
Kxf5 45. Kf3 Ke5 46. Ke3 Kd6 47. Kd4 Kc6 48. c5 Kc7 49. Kd5 Kd7 50. c6+ Kc7 51.
Kc5 Kc8 52. Kc4 Kb8 53. Kc5 Kc7 54. Kb5 Kc8 55. Kxa5 Kb8 56. Kb6 Ka8 57. Kc7
1-0

[Event "K12"]
[Site "?"]
[Date "2024.07.21"]
[Round "2"]
[White "Hager, Eberhard"]
[Black "Vlasak, Miloslav"]
[Result "0-1"]
[ECO "B76"]
[WhiteElo "1836"]
[BlackElo "1943"]
[Annotator ",martin-koller@seznam"]
[PlyCount "116"]
[TimeControl "240+2"]

{600MB, Fritz10.ctg} 1. e4 c5 2. Nf3 d6 3. d4 cxd4 4. Nxd4 Nf6 5. Nc3 g6 6. Be3
Bg7 7. f3 O-O 8. Qd2 Nc6 9. O-O-O Bd7 10. g4 Rc8 11. Kb1 Ne5 12. Qf2 Be6 13.
Nb3 Bc4 14. h4 Bxf1 15. Qxf1 h5 16. gxh5 Nxh5 17. Qg2 Nc4 18. Bd4 Bxd4 19. Rxd4
e5 20. Rd3 Nf4 21. Qg1 Nxd3 22. cxd3 Nb6 23. Qg4 Kg7 24. a4 Rh8 25. a5 Nd7 26.
f4 exf4 27. Qxf4 Qf6 28. Qg3 Ne5 29. Nd2 Qe6 30. Nd5 Rh6 31. Rf1 Rf8 32. Rf6
Qg4 33. Qxg4 Nxg4 34. Rxd6 g5 35. Rxh6 Kxh6 36. hxg5+ Kxg5 37. Nc4 Rd8 38. Kc2
f5 39. Nd2 f4 40. Nf3+ Kh6 41. Kd2 Rf8 42. Ne7 Ne3 43. Ke2 Rf7 44. Nd5 Nxd5 45.
exd5 Rd7 46. d4 Rxd5 47. Kd3 Rxa5 48. Ke4 Rb5 49. Kxf4 Rxb2 50. d5 Kg7 51. Ke5
Kf8 52. Ke6 Re2+ 53. Kd6 Rc2 54. Ne5 Ke8 55. Ke6 Re2 56. d6 Rxe5+ 57. Kxe5 Kd7
58. Kd5 b6 0-1